[Event "Early-Titled-Tuesday-Blitz-September-05-2023"]
[Site "Chess.com"]
[Date "2023.09.05"]
[Round "11"]
[White "blitzking1729"]
[Black "Zhigalko_Sergei"]
[Result "1/2-1/2"]
[WhiteElo "2775"]
[BlackElo "2880"]
[TimeControl "180+1"]
[EndTime "10:10:20 PDT"]
[Termination "Game drawn by repetition"]

1. c4 e5 2. Nc3 Nf6 3. Nf3 Nc6 4.
e3 Bb4 5. Qc2 d6 6. Nd5 Ba5 7.
a3 Nxd5 8. cxd5 Ne7 9. Qa4+ c6 10. dxc6 bxc6 11. Be2 O-O 12. O-O Bb6 13. b4 e4 14.
Nd4 Bxd4 15. exd4 Bf5 16. Qc2 Nd5 17. d3 Re8 18. dxe4 Bxe4 19. Bd3 Bxd3 20. Qxd3 Qb6 21. Bd2 Qb5 22. Qg3 Re6 23. Rfe1 Rg6 24. Qf3 h6 25. a4 Qb7 26. Rab1 a6 27. g3 Rb8 28. Qd3 Rf6 29. Re2 Qa7 30. Rbe1 Qa8 31. Qc4 Nb6 32. Qc2 Nd5 33. Qc4 Nb6 34. Qc2 Rc8 35.
Re4 Nd5 36. Qc4 Qb7 37. Qd3 Qa8 38. Qc4 Rg6 39. b5 cxb5 40. Qb3 bxa4 41. Qxa4 Nf6 42. Re7 Rg4 43. Be3 Rf8 44. h3 Rg6 45. Rc7 Nd5 46. Rc6 a5 47. Bd2 Nf6 48. Rxd6 h5 49. h4 Qf3 50.
Bg5 Ne4 51. Rxe4 Rxd6 52. Re3 Qc6 53. Qxa5 Rxd4 54. Re1 Rd5 55. Qa3 f6 56. Be3 Rfd8 57. Qa2 Kh8 58. Qb3 Rd3 59. Qb1 Qd5 60. Qc2 Rd1 61.
Rxd1 Qxd1+ 62. Qxd1 Rxd1+ 63. Kg2 Rd5 64. Kf3 Kh7 65.
Kg2 Rb5 66. Kf3 Kg6 67. Kg2 Kf5 68. Kf3 Rb3 69. Kg2 Ke4 70. Ba7 Rb2 71. Bc5 Rc2 72.
Ba7 Rc1 73. Be3 Rb1 74. Bc5 Kf5 75. Bf8 Kg6 76. Bc5 Rb3 77. Ba7 Kf7 78. Bd4 Ke6 79. Ba7 Rd3 80. Bc5 Kf5 81. Bf8 g5 82. hxg5 fxg5 83.
Bc5 Kg4 84. Ba7 Kf5 85. Bb6 Ke4 86. Bc5 Rc3 87. Be7 Kf5 88. Bd8 Rd3 89. Bb6 Kg4 90. Ba7 Rb3 91. Bd4 h4 92. gxh4 gxh4 93. Be3 h3+ 94.
Kh2 Rc3 95. Bb6 Rc8 96. Be3 Kf3 97. Bd4 Rd8 98. Be3 Rd7 99. Bc5 Rg7 100. Be3 Rf7 101. Bc5 Rd7 102. Be3 Rd8 103. Bb6 Rg8 104. Be3 Rg4 105. Bb6 Rg2+ 106. Kxh3 Rg7 107. Kh2 Rg6 108. Be3 Rg8 109. Bd4 Rg4 110. Be3 Rh4+ 111. Kg1 Rh5 112. Bd4 Ke2 113. Be3 Rh4 114. Kg2 Rg4+ 115. Kh3 Kf3 116. Kh2 Rg6 117. Kh1 Rd6 118. Kh2 Rd1 119. Bc5 Rc1 120. Be3 Rb1 121. Bd4 Rb3 122. Be3 Rb8 123. Kh1 Rh8+ 124. Kg1 Rg8+ 125. Kh1 Rg7 126. Kh2 Rh7+ 127. Kg1 Kg4 128. Kg2 Rf7 129. Bd4 Rf8 130. Be3 Rg8 131. Bd4 Kf4+ 132. Kh2 Rd8 133. Be3+ Kf3 134. Kh1 Rd1+ 135. Kh2 Rf1 136. Bd4 Rd1 137. Be3 Rd5 138. Kh1 Rh5+ 139. Kg1 Rh4 140. Bc5 Rc4 141. Be3 Rg4+ 142. Kh1 Rg2 143. Bd4 Rg6 144. Be3 Rg8 145. Kh2 Kg4 146. Kg2 Re8 147. Bd4 Re6 148. Be3 Rg6 149. Bd4 Kf4+ 150. Kh2 Ke4 151. Be3 Rg7 152. Kh1 Kf3 153. Kh2 Rg2+ 154. Kh1 Rg7 1/2-1/2